 Dungeon Crawl Stone Soup version 0.25.0-3-gd7cc5688da (webtiles) character file.

Game seed: 13824862587929230111

115 Lanoc the Sneak (level 5, -1/46 HPs)
             Began as a Naga Assassin on June 15, 2020.
             Was an Initiate of Gozag.
             Slain by Grinder (5 damage)
             ... while paralysed by Grinder
             ... on level 3 of the Dungeon.
             The game lasted 00:03:51 (2705 turns).

Lanoc the Sneak (Naga Assassin)                     Turns: 2705, Time: 00:03:51

Health: -1/46      AC:  6    Str: 19    XL:     5   Next: 0%
Magic:  5/5        EV:  1    Int: 12    God:    Gozag
Gold:   301        SH:  0    Dex: 13    Spells: 4/4 levels left

rFire    . . .     SeeInvis +   a - +2 dagger
rCold    . . .     Gourm    .   i - +0 buckler
rNeg     . . .     Faith    .   b - +0 robe
rPois    +         Spirit   .   w - +2 helmet
rElec    .         Reflect  +   c - +0 cloak
rCorr    .         Harm     .   (no gloves)
MR       .....                  (no barding)
Stlth    +++.......             k - amulet of reflection
HPRegen  0.15/turn              t - +6 ring of strength
MPRegen  0.09/turn              (no ring)

@: paralysed, mighty, stab, very slow
A: large, see invisible, deformed body, poison resistance, slowness 2, slow
metabolism 1, spit poison 1, AC +1
a: Spit Poison, Potion Petition, Call Merchant, Bribe Branch, Renounce Religion


You were on level 3 of the Dungeon.
You worshipped Gozag.
Gozag was aware of your devotion.
You were not hungry.

You visited 1 branch of the dungeon, and saw 3 of its levels.

You collected 301 gold pieces.

Inventory:

Hand Weapons
 a - a +2 dagger (weapon)
Missiles
 d - 8 poisoned darts (quivered)
 e - 2 curare-tipped darts
 q - 42 bolts
 r - 26 arrows
Armour
 b - a +0 robe (worn)
 c - a +0 cloak (worn)
 i - a +0 buckler (worn)
 w - a +2 helmet (worn)
Jewellery
 k - an amulet of reflection (around neck)
 t - a +6 ring of strength (left hand)
Scrolls
 g - 2 scrolls of noise {unknown}
 j - a scroll of teleportation {unknown}
 l - 5 scrolls of identify {unknown}
 m - 2 scrolls of remove curse {unknown}
 n - a scroll of magic mapping {unknown}
 p - a scroll of blinking {unknown}
 s - 2 scrolls of amnesia {unknown}
Comestibles
 f - 5 rations


   Skills:
 + Level 2.6 Fighting
 * Level 3.2 Short Blades
 + Level 2.3 Throwing
 + Level 1.4 Dodging
 + Level 6.3 Stealth
 + Level 0.9 Shields


You had 4 spell levels left.
You didn't know any spells.
Your spell library was empty.

Dungeon Overview and Level Annotations

Branches:
Dungeon (3/15)

Altars:
Gozag

Annotations:
D:3 Grinder


Innate Abilities, Weirdness & Mutations

You cannot wear boots.
Your serpentine skin is tough. (AC +1)
You have supernaturally acute eyesight. (SInv)
Armour fits poorly on your strangely shaped body.
Your system is resistant to poisons. (rPois)
You cover ground very slowly.
You have a slow metabolism.
You can spit poison.


Message History

You block Grinder's attack.
You barely miss Grinder.
Grinder is severely wounded.
You puncture Grinder!
Grinder is almost dead.
You block Grinder's attack.
You closely miss Grinder.
Grinder is almost dead.
Grinder gestures at you.
You suddenly lose the ability to move!
An orc comes into view. It is wielding a +0 trident.
Grinder hits you!
* * * LOW HITPOINT WARNING * * *
You writhe in agony.
* * * LOW HITPOINT WARNING * * *
Grinder hits you.
* * * LOW HITPOINT WARNING * * *
You writhe in agony.
You die...
Your body crumbles into a pile of gold.

# ##. $ ##.# # #.o
.5 # #..###.#
#.##.#@5.###
#..$.......#
####.##.##.##
#.##.##... #.##.##.#
. #.#...#.##.
#..........
###...#.############
##.##......[......


You could see Grinder and an orc.

Vanquished Creatures
  Robin (D:3)
  3 adders (D:2)
  An ooze (D:2)
  3 dart slugs
  3 leopard geckos
  7 bats
  4 giant cockroaches
  10 goblins
  10 hobgoblins
  8 kobolds
  A quokka (D:2)
  4 frilled lizards
  6 rats
61 creatures vanquished.

Notes
Turn   | Place    | Note
-------+----------+-------------------------------------------
     0 | D:1      | Lanoc the Naga Assassin began the quest for the Orb.
     0 | D:1      | Reached XP level 1. HP: 19/19 MP: 1/1
   299 | D:1      | Reached XP level 2. HP: 20/26 MP: 2/2
   509 | D:1      | Reached skill level 1 in Dodging
   540 | D:1      | Reached skill level 6 in Stealth
   914 | D:1      | Reached XP level 3. HP: 32/32 MP: 3/3
  1352 | D:2      | Found a faded altar of an unknown god.
  1384 | D:2      | Became a worshipper of Gozag Ym Sagoz the Greedy
  1594 | D:2      | Reached XP level 4. HP: 25/40 MP: 4/4
  2421 | D:3      | Noticed Robin
  2458 | D:3      | Killed Robin
  2659 | D:3      | Noticed Grinder
  2672 | D:3      | Reached XP level 5. HP: 43/46 MP: 5/5
  2703 | D:3      | Paralysed by Grinder for 7 turns
  2705 | D:3      | Slain by Grinder

Illustrated notes

Levels and vault maps discovered:
D:1:      lightli_iron_boxes, layout_basic
D:2:      layout_loops_ring, first_ration, chequers_ecumenical_altar_island,
          minmay_hexomino_f4
D:3:      layout_loops_ring, uniq_grinder, uniq_robin

Skill      XL: |  1  2  3  4 |
---------------+-------------+-----
Dodging        | 1 |  1.4
Stealth        | 6 |  6.3
Throwing       | 2 |  2.3
Short Blades   | 3 |  3.2
Fighting       | |  2.6
Shields        | |  0.9

Action                   |  1- 3 |  4- 6 || total
-------------------------+-------+-------++-------
Melee: Dagger            |    89 |   109 ||   198
Throw: Dart              |       |     1 ||     1
 Abil: Spit Poison       |     8 |     5 ||    13
  Use: Potion            |       |     4 ||     4
 Stab: Sleeping          |     4 |     5 ||     9
       Distracted        |       |     1 ||     1
  Eat: Chunk             |     2 |       ||     2
       Ration            |       |     1 ||     1
Armor: Robe              |    25 |    14 ||    39
Dodge: Dodged            |    40 |    26 ||    66
Block: Buckler           |    35 |    35 ||    70
       Reflection        |     2 |       ||     2
